 Dungeon Crawl Stone Soup version 0.14-a0-3134-g2c86dbf (webtiles) character file.

4 Bloax the Cudgeler (level 1, -1/11 HPs)
             Began as a Vine Stalker Berserker on Mar 8, 2014.
             Was a Follower of Trog.
             Slain by a jackal (3 damage)
             ... on Level 1 of the Dungeon.
             The game lasted 00:00:20 (30 turns).

Bloax the Cudgeler (Vine Stalker Berserker)           Turns: 30, Time: 00:00:20

HP  -1/11        AC  2     Str 19      XL: 1   Next: 10%
MP   0/1         EV 12     Int  7      God: Trog [*.....]
Gold 4           SH  0     Dex 13      Spells:  0 memorised,  0 levels left

rFire  . . .     SeeInvis .     a - +0 mace
rCold  . . .     Clarity  .     b - +0 animal skin
rNeg   . . .     Conserve .     (no shield)
rPois  .         rCorr    .     (no helmet)
rElec  .         rRot     +     (no cloak)
SustAb . .       Spirit   +     (no gloves)
rMut   .         Warding  .     (no boots)
Saprov . . .     Stasis   .     (no amulet)
MR     .....                    (no ring)
                                (no ring)

@: not resistant to hostile enchantments, unstealthy
A: fangs 2, regeneration 1, magic shield, antimagic bite, no device heal
a: Burn Spellbooks, Berserk, Renounce Religion


You were on level 1 of the Dungeon.
You worshipped Trog.
Trog was aware of your devotion.
You were not hungry.

You visited 1 branch of the dungeon, and saw 1 of its levels.

You collected 4 gold pieces.


Innate Abilities, Weirdness & Mutations

You have extremely sharp teeth.
Your natural rate of healing is unusually fast.
When hurt, damage is shared between your health and your magic reserves.
Your bite disrupts and absorbs the magic of your enemies.
Potions and wands cannot restore your HP.


   Skills:
 + Level 2.6 Fighting
 * Level 2.7 Maces & Flails
 + Level 1.5 Armour
 - Level 1.5 Dodging


You couldn't memorise any spells.
You didn't know any spells.

Dungeon Overview and Level Annotations

Branches:
Dungeon (1/16)

Altars:

Inventory:

Hand weapons
 a - a +0,+0 mace (weapon)
Armour
 b - a +0 animal skin (worn)
Comestibles
 c - a bread ration
 d - a choko
Potions
 e - a potion of agility {unknown}

############
#..(.......###
#............#
#............# ##
#...#.......####..
######@..#.............
#.....(hh....###........
#...........## ##.......
#...........# #.......
#...........# ##.......
............###........
......................
.....................
##...#.)..)........


You could see 2 jackals.


Message History

Welcome, Bloax the Vine Stalker Berserker.
The destiny of this world depends on the Orb of Zot.
Go down and get it!
Trog says: Kill them all!
Found four items.
Found a staircase leading out of the dungeon.
d - a choko
e - a fuming yellow potion A giant newt comes into view.
Found 15 poisoned needles.
The giant newt closely misses you.
Found 27 arrows.
You closely miss the giant newt. The giant newt closely misses you.
You hit the giant newt.
You kill the giant newt!
Trog accepts your kill. 2 jackals come into view.
The jackal barks!
Found 4 gold pieces.
You see here a giant newt corpse.
The giant newt corpse is consumed in a column of flame.
The jackal barks!
You see here 4 gold pieces.
You now have 4 gold pieces.
The jackal barely misses you.
You hit the jackal. You bite the jackal, but do no damage.
The jackal is almost dead.
The jackal barely misses you.
The jackal bites you but does no damage.
The jackal closely misses you.
You closely miss the jackal.
The jackal is almost dead.
The jackal closely misses you. The jackal barely misses you.
You hit the jackal but do no damage.
The jackal is almost dead.
The jackal barely misses you. The jackal bites you. The jackal bites you.
The jackal closely misses you.
You closely miss the jackal.
The jackal is almost dead.
The jackal barely misses you. The jackal bites you. The jackal bites you.
* * * LOW HITPOINT WARNING * * *
The jackal bites you.
* * * LOW HITPOINT WARNING * * *
You are too injured to fight recklessly!
You are too injured to fight recklessly!
You barely miss the jackal.
The jackal is almost dead.
The jackal bites you.
* * * LOW HITPOINT WARNING * * *
The jackal bites you.
You die...

Action                   || total
-------------------------++-------
Melee: Mace              ||     7

Vault maps used:
D:1:      minmay_arrival_four_circles

Notes
Turn   | Place    | Note
--------------------------------------------------------------
     0 | D:1      | Bloax, the Vine Stalker Berserker, began the quest for the Orb.
     0 | D:1      | Reached XP level 1. HP: 11/11 MP: 1/1
    30 | D:1      | HP: 2/11 [jackal (2)]
    30 | D:1      | Slain by a jackal

Vanquished Creatures
  A giant newt (D:1)
1 creature vanquished.
